 Dungeon Crawl Stone Soup version 0.18.1-47-g9310371 (webtiles) character file.

11834 Firecrotchwizard the Basher (level 11, 0/101 HPs)
             Began as a Minotaur Berserker on June 14, 2016.
             Was a High Priest of Trog.
             Slain by an unseen horror (5 damage)
             ... on level 11 of the Dungeon.
             The game lasted 00:47:46 (8781 turns).

Firecrotchwizard the Basher (Minotaur Berserker)    Turns: 8781, Time: 00:47:47

Health: 0/101      AC: 19    Str: 23    XL:     11   Next: 54%
Magic:  10/10      EV: 10    Int:  0    God:    Trog [*****.]
Gold:   484        SH:  0    Dex: 14    Spells: 0 memorised, 10 levels left

rFire  . . .     SeeInvis .     p - +5 great mace of Biusuir {crush, rPois MR++ Int-4 Dex+2}
rCold  . . .     Gourm    .     W - +0 plate armour
rNeg   . . .     Faith    +     (shield currently unavailable)
rPois  +         Spirit   .     (helmet restricted)
rElec  .         Dismiss  .     R - +2 cloak {MR+}
rCorr  .         Reflect  .     (no gloves)
SustAt .         Harm     .     (no boots)
MR     +++..                    r - amulet of faith
Stlth  ..........               (no ring)
                                F - ring of wizardry

@: very slightly contaminated, slowed, lost intelligence, invisible, very slow,
extremely resistant to hostile enchantments, extremely unstealthy
A: retaliatory headbutt, horns 2
a: Berserk, Trog's Hand, Brothers in Arms, Burn Spellbooks, Renounce Religion


You were on level 11 of the Dungeon.
You worshipped Trog.
Trog was extremely pleased with you.
You were not hungry.

You visited 1 branch of the dungeon, and saw 11 of its levels.

You collected 484 gold pieces.

Inventory:

Hand Weapons
 p - the +5 great mace of Biusuir (weapon) {crush, rPois MR++ Int-4 Dex+2}
   (Trog gifted it to you on level 10 of the Dungeon)

   It inflicts extra damage upon your enemies.
   It affects your intelligence (-4).
   It affects your dexterity (+2).
   It protects you from poison.
   It affects your resistance to hostile enchantments.
 O - a +5 dire flail of protection
 Q - a +2 war axe of chopping
Missiles
 b - 4 tomahawks of returning (quivered)
 s - 4 needles of sleeping
Armour
 R - a +2 cloak of magic resistance (worn)
 W - a +0 plate armour (worn)
Jewellery
 e - an uncursed amulet of harm
 n - an uncursed amulet of the gourmand
 r - an amulet of faith (around neck)
 F - a ring of wizardry (left hand)
Wands
 a - a wand of acid (10/15)
 v - a wand of iceblast (5/15)
 H - a wand of flame (20/48)
 L - a wand of disintegration (8/24)
 P - a wand of iceblast (9/15)
 T - a wand of iceblast (10/15)
Scrolls
 h - 7 scrolls of identify
 j - 8 scrolls of teleportation
 m - 3 scrolls of remove curse
 q - a scroll of fog {unknown}
 t - 3 scrolls of random uselessness {unknown}
 y - 2 scrolls of magic mapping {unknown}
 A - 2 scrolls of recharging {unknown}
 D - a scroll of fear {unknown}
 I - a scroll of enchant armour {unknown}
 J - a scroll of summoning {unknown}
 K - a scroll of immolation {unknown}
 N - 2 scrolls of enchant weapon {unknown}
 S - a scroll of silence {unknown}
Potions
 g - a potion of heal wounds
 i - 4 potions of curing {unknown}
 l - 3 potions of agility {unknown}
 C - a potion of lignification {unknown}
 G - 4 potions of degeneration {unknown}
 M - a potion of haste {unknown}
Books
 z - a book of Minor Magic

   Spells                             Type                      Level
   a - Magic Dart                     Conjuration                  1
   b - Blink                          Translocation                2
   c - Call Imp                       Summoning                    2
   d - Repel Missiles                 Charms/Air                   2
   e - Slow                           Hexes                        2
   f - Conjure Flame                  Conjuration/Fire             3
   g - Mephitic Cloud                 Conjuration/Poison/Air       3
   Trog disapproves of the use of such an item.
 U - a book of Frost

   Spells                             Type                      Level
   a - Freeze                         Ice                          1
   b - Throw Frost                    Conjuration/Ice              2
   c - Ozocubu's Armour               Charms/Ice                   3
   d - Throw Icicle                   Conjuration/Ice              4
   e - Summon Ice Beast               Ice/Summoning                4
   Trog disapproves of the use of such an item.
Comestibles
 c - 11 bread rations
 d - 6 beef jerkies
 k - a royal jelly
 o - 25 fruits
 u - a meat ration


   Skills:
 + Level 10.6 Fighting
   Level 1.0 Short Blades
 + Level 12.8 Maces & Flails
 + Level 0.2 Throwing
 + Level 12.1 Armour
 + Level 7.1 Dodging
 - Level 0.3 Stealth
   Level 4.7 Shields


You had 10 spell levels left.
You didn't know any spells.

Dungeon Overview and Level Annotations

Branches:
Dungeon (11/15)            Temple (0/1) D:4            Lair (0/8) D:11
    Orc: D:9-12

Altars:
Ashenzari
Dithmenos
Elyvilon
Fedhas
Gozag
Kikubaaqudgha
Okawaru
Pakellas
Qazlal
Ru
Sif Muna
Trog
Xom
Zin
The Shining One

Shops:
D:9 }

Portals:
Trove: D:10 (give +4 ice dragon armour)


Innate Abilities, Weirdness & Mutations

You reflexively headbutt those who attack you in melee.
You have a pair of horns on your head.


Message History

You almost manage to decipher the scroll, but fail in this attempt.
Something hits you.
* * * LOW HITPOINT WARNING * * *
Unknown command.
Something hits you but does no damage. x2
Something hits you but does no damage.
You swing at nothing.
Something hits you but does no damage.
You swing at nothing.
Something hits you but does no damage. x3
You closely miss something. You headbutt something!
Something hits you but does no damage.
Drink which item? (? for menu, Esc to quit)
You fade into invisibility!
Something hits you but does no damage. x2
You are very lightly contaminated with residual magic.
Drink which item? (? for menu, Esc to quit)
You fade further into invisibility.
Something hits you.
* * * LOW HITPOINT WARNING * * *
Something hits you.
You die...

....#........................#
.............................#
.....?.......................#
.........................(..<#
.............)...........)).<#
.........................)).<#
.............................#
..................(..........#
....#...........@............#
...###....≈≈≈))..............#
....#.....≈≈≈((....#.........#
..........≈≈≈(....###........#
............)....## ##.......#
..................###........#
...................#.........#
.. .......................##
......................##


There were no monsters in sight!

Vanquished Creatures
  The ghost of ZappyNine the Blocker, a journeyman MiFi of Qazlal (D:11)
  Urug (D:11)
  Pikel (D:7)
  An ugly thing (D:11)
  An elephant (D:11)
  Maurice (D:8)
  A centaur zombie (D:11)
  2 centaur skeletons (D:10)
  2 trolls (D:10)
  A two-headed ogre (D:11)
  Grinder (D:3)
  Eustachio (D:5)
  9 yaks
  2 wyverns (D:9)
  A hippogriff (D:9)
  A steam dragon (D:8)
  Menkaure (D:7)
  An orc warrior (D:8)
  An ice beast (D:6)
  17 killer bees
  3 sky beasts
  A black bear (D:7)
  An eye of draining (D:9)
  6 ogres
  A necrophage (D:9)
  2 phantoms
  5 centaurs
  A crocodile (D:11)
  2 big kobolds
  Blork the orc (D:5)
  7 giant frogs
  A wyvern skeleton (D:11)
  2 scorpions
  3 wights (D:9)
  6 howler monkeys
  2 crimson imps
  2 giant frog zombies
  4 hounds
  3 giant frog skeletons
  2 jellies
  5 orc priests
  4 iguanas
  13 orc wizards
  6 worker ants
  2 killer bee zombies
  A sheep (D:11)
  A hound zombie (D:11)
  2 hound skeletons (D:6)
  A howler monkey zombie (D:6)
  Robin (D:2)
  10 adders
  A howler monkey skeleton (D:5)
  2 shadow imps
  An ooze (D:5)
  An adder skeleton (D:4)
  An adder zombie (D:6)
  3 worms
  A dart slug (D:3)
  9 giant geckos
  58 orcs
  8 bats
  2 giant cockroaches
  6 hobgoblins
  8 jackals
  A quokka (D:10)
  A ball python skeleton (D:5)
  8 giant newts
  12 goblins
  18 kobolds
  A quokka skeleton (D:4)
  5 rats
295 creatures vanquished.

Vanquished Creatures (collateral kills)
  A big kobold (D:11)
  A giant frog zombie (D:11)
2 creatures vanquished.

Vanquished Creatures (others)
  A slave (D:7)
  An orc wizard (D:7)
  A giant gecko (D:7)
3 creatures vanquished.

Grand Total: 300 creatures vanquished

Notes
Turn   | Place    | Note
--------------------------------------------------------------
     0 | D:1      | Firecrotchwizard the Minotaur Berserker began the quest for the Orb.
     0 | D:1      | Reached XP level 1. HP: 19/19 MP: 0/0
   357 | D:1      | Reached XP level 2. HP: 27/27 MP: 1/1
   610 | D:2      | Noticed Robin
   628 | D:2      | Reached ** piety under Trog
   630 | D:2      | Killed Robin
   630 | D:2      | Reached XP level 3. HP: 13/33 MP: 2/2
   643 | D:2      | HP: 1/33 [goblin/dagger (1)]
  1359 | D:3      | Reached XP level 4. HP: 29/41 MP: 3/3
  1369 | D:3      | Reached XP level 5. HP: 45/47 MP: 4/4
  1386 | D:3      | Found a white marble altar of Elyvilon.
  1559 | D:3      | Reached *** piety under Trog
  1610 | D:3      | Noticed Grinder
  1617 | D:3      | Paralysed by Grinder for 2 turns
  1622 | D:3      | Paralysed by Grinder for 4 turns
  1631 | D:3      | Paralysed by Grinder for 2 turns
  1640 | D:3      | Killed Grinder
  1640 | D:3      | Reached skill level 5 in Fighting
  1640 | D:3      | Reached skill level 5 in Maces & Flails
  1640 | D:3      | Reached skill level 5 in Armour
  1640 | D:3      | Reached XP level 6. HP: 6/56 MP: 5/5
  2505 | D:4      | Found a shadowy altar of Dithmenos.
  2529 | D:4      | Reached XP level 7. HP: 44/61 MP: 6/6
  2636 | D:4      | Found a shimmering altar of Xom.
  2637 | D:4      | Noticed an angel
  2644 | D:4      | Found a glowing silver altar of Zin.
  2669 | D:4      | Reached skill level 5 in Dodging
  2722 | D:4      | Found a staircase to the Ecumenical Temple.
  2731 | D:4      | Reached **** piety under Trog
  2836 | D:4      | Reached skill level 1 in Short Blades
  3223 | D:5      | Entered Level 5 of the Dungeon
  3300 | D:5      | Noticed Eustachio
  3319 | D:5      | Noticed Blork the orc
  3321 | D:5      | Killed Eustachio
  3321 | D:5      | Reached XP level 8. HP: 70/70 MP: 7/7
  3332 | D:5      | Killed Blork the orc
  3332 | D:5      | Reached skill level 1 in Shields
  3618 | D:5      | Found an iron altar of Okawaru.
  4059 | D:6      | Reached ***** piety under Trog
  4450 | D:6      | Reached XP level 9. HP: 78/78 MP: 8/8
  4475 | D:6      | Found a stormy altar of Qazlal.
  4475 | D:6      | Found an opulent altar of Gozag.
  4476 | D:6      | Found a shattered altar of Ashenzari.
  4752 | D:7      | Received a gift from Trog
  5095 | D:7      | Noticed Pikel
  5106 | D:7      | Killed Pikel
  5558 | D:7      | Noticed Menkaure
  5560 | D:7      | Killed Menkaure
  5663 | D:8      | Reached skill level 10 in Armour
  5862 | D:8      | Noticed Maurice
  5890 | D:8      | Killed Maurice
  5890 | D:8      | Reached XP level 10. HP: 89/89 MP: 9/9
  6355 | D:9      | Found an oddly glowing altar of Pakellas.
  6418 | D:9      | Found an ancient bone altar of Kikubaaqudgha.
  6479 | D:9      | Found Raamaiw's Gadget Boutique.
  6559 | D:9      | Found a blossoming altar of Fedhas.
  6568 | D:9      | Reached skill level 10 in Maces & Flails
  6623 | D:9      | Found a bloodstained altar of Trog.
  6625 | D:9      | Found a glowing golden altar of the Shining One.
  6626 | D:9      | Found a deep blue altar of Sif Muna.
  6626 | D:9      | Found an oddly glowing altar of Pakellas.
  6994 | D:9      | Found a sacrificial altar of Ru.
  7306 | D:10     | Entered Level 10 of the Dungeon
  7306 | D:10     | Found a portal to a secret trove of treasure.
  7389 | D:10     | Received a gift from Trog
  7577 | D:10     | Reached XP level 11. HP: 67/97 MP: 10/10
  8026 | D:10     | Received a gift from Trog
  8027 | D:10     | Got a sapphire great mace {god gift}
  8028 | D:10     | Lost intelligence.
  8028 | D:10     | Identified the +5 great mace of Biusuir {crush, rPois MR++ Int-4 Dex+2} (Trog gifted it to you on level 10 of the Dungeon)
  8170 | D:11     | Reached skill level 10 in Fighting
  8176 | D:11     | Noticed a purple ugly thing
  8184 | D:11     | Killed a purple ugly thing
  8209 | D:11     | Noticed ZappyNine's ghost (journeyman MiFi)
  8220 | D:11     | HP: 3/99 [ZappyNine's ghost (8)]
  8220 | D:11     | HP: 1/99 [ZappyNine's ghost (2)]
  8225 | D:11     | Killed ZappyNine's ghost
  8472 | D:11     | Found a staircase to the Lair.
  8573 | D:11     | Noticed Urug
  8584 | D:11     | Killed Urug
  8780 | D:11     | HP: 5/101 [something (5)]
  8781 | D:11     | Slain by an unseen horror

Skill      XL: |  1  2  3  4  5  6  7  8  9 10 11 |
---------------+----------------------------------+-----
Fighting       | 4 5 6 8 9 10 | 10.6
Maces & Flails | 4 5 6 7 9 11 12 | 12.8
Armour         | 3 5 6 8 10 11 12 | 12.1
Dodging        | 3 4 5 6 7 |  7.1
Short Blades   | 1 |  1.0
Shields        | 3 4 |  4.7
Throwing       | |  0.2
Stealth        | |  0.3

Action                   |  1- 3 |  4- 6 |  7- 9 | 10-12 || total
-------------------------+-------+-------+-------+-------++-------
Melee: Mace              |    83 |    11 |       |       ||    94
       Headbutt          |     7 |    21 |    61 |    58 ||   147
       Dagger            |       |    39 |       |       ||    39
       Flail             |       |    59 |   225 |       ||   284
       Dire flail        |       |       |    67 |   229 ||   296
       Great mace        |       |       |       |    79 ||    79
Throw: Tomahawk          |       |       |       |     3 ||     3
Invok: Berserk           |     1 |     3 |     2 |     2 ||     8
       Trog's Hand       |       |     3 |     2 |     2 ||     7
       Brothers in Arms  |       |       |       |     1 ||     1
  Use: Scroll            |     2 |       |       |     3 ||     5
       Potion            |       |       |       |     5 ||     5
 Stab: Invisible         |       |       |       |     1 ||     1
  Eat: Chunk             |     3 |    11 |     7 |     9 ||    30
       Beef jerky        |       |       |       |     1 ||     1
       Meat ration       |       |       |       |     1 ||     1
Armor: Scale mail        |    36 |       |       |       ||    36
       Chain mail        |    22 |    77 |   162 |    29 ||   290
       Plate armour      |       |       |       |   347 ||   347
Dodge: Dodged            |    53 |    65 |   147 |   181 ||   446
Block: Shield            |       |       |   102 |       ||   102
